 Dungeon Crawl Stone Soup version 0.17-a0-1411-g06ff558 (webtiles) character file.

94 Frelus the Firebug (level 4, 0/24 HPs)
             Began as a Deep Elf Fire Elementalist on June 23, 2015.
             Killed by divine providence
             ... invoked by an orc priest
              (14 damage)
             ... on level 3 of the Dungeon.
             The game lasted 00:02:21 (1895 turns).

Frelus the Firebug (Deep Elf Fire Elementalist)     Turns: 1895, Time: 00:02:21

Health: 0/24       AC:  4    Str:  6    XL:     4   Next: 38%
Magic:  5/10       EV: 13    Int: 20    God:
Gold:   184        SH:  0    Dex: 15    Spells: 3 memorised, 1 level left

rFire  + . .     SeeInvis .     (no weapon)
rCold  . . .     Clarity  +     l - +2 robe {rF+}
rNeg   + . .     SustAt   .     (no shield)
rPois  .         Gourm    .     (no helmet)
rElec  .         Spirit   .     (no cloak)
rCorr  .         Warding  .     (no gloves)
rMut   .         Stasis   .     (no boots)
MR     .....                    p - amulet of clarity
Stlth  ++........               (no ring)
                                f - ring of positive energy

@: not resistant to hostile enchantments, unstealthy
A: no striking features
a: no special abilities


You were on level 3 of the Dungeon.
You were not hungry.

You visited 1 branch of the dungeon, and saw 3 of its levels.

You collected 184 gold pieces.

Inventory:

Armour
 a - a +0 robe
 l - a +2 robe of fire resistance (worn)
Jewellery
 f - a ring of positive energy (left hand)
 p - an amulet of clarity (around neck)
Scrolls
 g - a scroll of recharging {unknown}
 h - 2 scrolls of immolation {unknown}
 j - a scroll of identify {unknown}
 n - a scroll of teleportation {unknown}
Potions
 d - a potion of invisibility {unknown}
 e - a potion of resistance {unknown}
 i - a potion of curing {unknown}
 o - a potion of ambrosia {unknown}
Books
 b - a book of Flames

   Spells                             Type                      Level
   a - Flame Tongue                   Conjuration/Fire             1
   b - Throw Flame                    Conjuration/Fire             2
   c - Conjure Flame                  Conjuration/Fire             3
   d - Inner Flame                    Hexes/Fire                   3
   e - Sticky Flame                   Conjuration/Fire             4
   f - Fireball                       Conjuration/Fire             5
Comestibles
 c - 4 bread rations
 k - a meat ration
 m - a beef jerky
 q - a chunk of flesh


   Skills:
 - Level 2.4 Dodging
 - Level 2.4 Stealth
 - Level 3.0 Spellcasting
 + Level 3.4 Conjurations
 + Level 4.6 Fire Magic


You had one spell level left.
You knew the following spells:

 Your Spells              Type           Power        Failure   Level  Hunger
a - Flame Tongue          Conj/Fire      ###..        2%          1    None
b - Conjure Flame         Conj/Fire      ###.....     10%         3    ###....
c - Sticky Flame          Conj/Fire      ###.....     30%         4    ####...


Dungeon Overview and Level Annotations

Branches:
Dungeon (3/15)

Altars:
Vehumet


Message History

The puff of flame hits you! You resist.
Casting: Flame Tongue
Confirm with . or Enter, or press ? or * to list all spells.
Aiming: Flame Tongue
Press: ? - help, Shift-Dir - straight line, f/p - orc wizard
Aim: an orc wizard, wielding a dagger and wearing a robe (almost dead)
The flame tongue misses the orc wizard.
The flame tongue hits the goblin.
You kill the goblin!
The orc wizard hits you with a dagger.
Casting: Flame Tongue
Confirm with . or Enter, or press ? or * to list all spells.
Aiming: Flame Tongue
Press: ? - help, Shift-Dir - straight line, f/p - orc wizard
Aim: an orc wizard, wielding a dagger and wearing a robe (almost dead)
The flame tongue hits the orc wizard.
You kill the orc wizard!
The orc priest calls down the wrath of Beogh upon you.
Something smites you!
Ouch! That really hurt!
You die...

### .o #o ######.##
........# ##### #####..####
#....
#....oo)..##############.###
#.###..##oo@.............#
#...################## #.#.
.. .# ... .# #### .# ####
.... ####


You could see an orc priest and 3 orcs.

Vanquished Creatures
  Jessica (D:2)
  An orc wizard (D:3)
  2 adders (D:2)
  2 giant geckos (D:3)
  3 bats
  5 hobgoblins
  A quokka (D:2)
  2 ball pythons (D:2)
  2 giant newts
  A goblin (D:3)
  2 kobolds (D:1)
  3 rats
25 creatures vanquished.

Notes
Turn   | Place    | Note
--------------------------------------------------------------
     0 | D:1      | Frelus the Deep Elf Fire Elementalist began the quest for the Orb.
     0 | D:1      | Reached XP level 1. HP: 10/10 MP: 6/6
   748 | D:2      | Reached XP level 2. HP: 7/15 MP: 2/8
  1160 | D:2      | Found a radiant altar of Vehumet.
  1273 | D:2      | Reached skill level 4 in Fire Magic
  1273 | D:2      | Reached XP level 3. HP: 13/19 MP: 5/9
  1278 | D:2      | Learned a level 3 spell: Conjure Flame
  1416 | D:2      | Noticed Jessica
  1424 | D:2      | Killed Jessica
  1835 | D:3      | Reached XP level 4. HP: 15/24 MP: 3/10
  1847 | D:3      | Learned a level 4 spell: Sticky Flame
  1895 | D:3      | Killed from afar by an orc priest

Vault maps used:
D:1:      matt_arrival_spirals, minmay_misc_feat_roman
D:2:      overflow_temple_1_default, uniq_jessica
D:3:      grunt_ministairs_1, cheibrodos_ashenzari_chains

Action                   |  1- 3 |  4- 6 || total
-------------------------+-------+-------++-------
Melee: Unarmed           |    10 |       ||    10
 Cast: Flame Tongue      |    46 |     6 ||    52
 Stab: Sleeping          |     1 |       ||     1
  Eat: Chunk             |     2 |     1 ||     3
